 Dungeon Crawl Stone Soup version 0.31-a0-1-g4198be8af4 (webtiles) character file.

Game seed: 1776108633968998486

256746 benadryl the Devastator (level 19, 0/158 HPs)
             Began as a Pale Draconian Conjurer on Apr 29, 2023.
             Was the Champion of Vehumet.
             Slain by a +1 scimitar of holy wrath (23 damage)
             ... on level 3 of the Elven Halls on May 1, 2023.
             The game lasted 02:14:42 (46083 turns).

benadryl the Devastator (Pale Draconian Conjurer)  Turns: 46083, Time: 02:14:42

Health: 0/158      AC: 16    Str: 16    XL:     19   Next: 8%
Magic:  37/39      EV: 12    Int: 32    God:    Vehumet [******]
Gold:   3770       SH:  0    Dex: 12    Spells: 19/51 levels left

rFire   + . .        s - staff of fire
rCold   . . .        I - orb {*channel}
rNeg    . . .        (body armour unavailable)
rPois   +            (helmet restricted)
rElec   .            M - +2 cloak {Stlth+}
rCorr   .            L - +0 pair of gloves of Lugonu, Bursting {rPois Str+2 Stlth-}
SInv    .            o - +1 pair of boots
Will    ++++.        D - amulet of magic regeneration
Stlth   ++           Y - ring of Ydefi {Contam Will++ Str+2 Int+6}
HPRegen 0.46/turn    k - ring "Ydwyphiq" {Wiz Drain Will+ Int+2 Dex+2}
MPRegen 0.66/turn

%: wizardry (x1), channel magic (20%)
@: no status effects
A: breathe steam, AC +10, unfitting armour, cold-blooded, steam resistance
}: 2/15 runes: barnacled, gossamer
a: Breathe Steam, Renounce Religion


You were on level 3 of the Elven Halls.
You worshipped Vehumet.
Vehumet was exalted by your worship.
You visited 7 branches of the dungeon, and saw 32 of its levels.
You also visited: Sewer and Ice Cave.

You collected 4466 gold pieces.
You spent 696 gold pieces at shops.

Inventory:

Hand Weapons
 b - the +8 whip "Snakebite" {venom, curare, rPois}
   (You took it off Amaemon on level 2 of the Lair of Beasts)

   rPois:     It protects you from poison.
Missiles
 y - 3 curare-tipped darts
 S - 4 throwing nets
Armour
 o - a +1 pair of boots (worn)
 I - an orb of energy (worn)
 L - the +0 pair of gloves of Lugonu, Bursting (worn) {rPois Str+2 Stlth-}
   (You found it on level 1 of the Lair of Beasts)

   Str:       It affects your strength (+2).
   rPois:     It protects you from poison.
   Stlth:     It makes you less stealthy.
 M - a +2 cloak of stealth (worn)
Magical Staves
 a - the staff of conjuration "Cemonge" {rN+ Str+3}
   (You acquired it on level 1 of the Lair of Beasts)

   [staff of conjuration]

   Base accuracy: +5 Base damage: 5 Base attack delay: 1.2 This weapon's minimum
   attack delay (0.6) is reached at skill level 12.
   Str:       It affects your strength (+3).
   rN:        It protects you from negative energy.
   It falls into the 'Staves' category.
   It is a one-handed weapon.
 s - a staff of fire (weapon)
Jewellery
 k - the ring "Ydwyphiq" (right hand) {Wiz Drain Will+ Int+2 Dex+2}
   (You acquired it on level 1 of the Lair of Beasts)

   [ring of wizardry]

   It improves your spell success rate.
   Int:       It affects your intelligence (+2).
   Dex:       It affects your dexterity (+2).
   Drain:     It drains your maximum health when unequipped.
   Will:      It increases your willpower.
 D - an amulet of magic regeneration (around neck)
 Q - a ring of see invisible
 U - an amulet of faith
 Y - the ring of Ydefi (left hand) {Contam Will++ Str+2 Int+6}
   (You bought it in a shop on level 2 of the Orcish Mines)

   [ring of intelligence]

   Str:       It affects your strength (+2).
   Int:       It affects your intelligence (+6).
   Contam:    It causes magical contamination when unequipped.
   Will:      It greatly increases your willpower.
Wands
 d - a wand of charming (18)
 n - a wand of polymorph (4)
 B - a wand of iceblast (46)
 H - a wand of flame (56)
 J - a wand of light (6)
 X - a wand of mindburst (7)
Scrolls
 e - 6 scrolls of poison
 f - 9 scrolls of fear
 h - 7 scrolls of enchant weapon
 i - 4 scrolls of magic mapping
 m - 2 scrolls of blinking
 p - 6 scrolls of enchant armour
 r - 6 scrolls of teleportation
 u - 2 scrolls of brand weapon
 x - 4 scrolls of silence
 A - 3 scrolls of amnesia
 N - a scroll of acquirement
 R - a scroll of butterflies
Potions
 c - 5 potions of attraction
 g - 5 potions of lignification
 j - 8 potions of curing {@q1}
 l - 10 potions of brilliance
 q - 9 potions of flight
 t - 2 potions of resistance
 v - 4 potions of haste
 w - 2 potions of magic
 z - 5 potions of heal wounds
 C - 3 potions of invisibility
 E - a potion of berserk rage
 F - 6 potions of ambrosia
 G - 5 potions of mutation
 P - 4 potions of might
 Z - a potion of cancellation
Miscellaneous
 K - a phantom mirror
 O - a box of beasts
 T - a phial of floods
 V - a lightning rod (4/4)


   Skills:
 - Level 11.5 Fighting
 - Level 1.7 Dodging
 - Level 1.7 Stealth
 - Level 16.6 Spellcasting
 * Level 19.3 Conjurations
 - Level 5.0 Translocations
 - Level 1.2 Transmutations
 - Level 18.0 Fire Magic
 - Level 12.0 Air Magic
 - Level 10.0 Evocations


You had 19 spell levels left.
You knew the following spells:

 Your Spells              Type           Power      Damage    Failure   Level
a - Fireball              Conj/Fire      60%        3d23      1%          5
c - Iskenderun's Mystic   Conj/Tloc      81%        2d16      1%          4
d - Stone Arrow           Conj/Erth      100%       3d13      1%          3
e - Ignite Poison         Fire/Tmut/Pois 79%        N/A       1%          3
f - Starburst             Conj/Fire      60%        6d16      1%          6
g - Plasma Beam           Fire/Air       55%        2x1d77    1%          6
h - Freezing Cloud        Conj/Ice/Air   38%        6-21      1%          5

Your spell library contained the following spells:

 Spells                   Type           Power      Damage    Failure   Level
 Fire Storm               Conj/Fire      60%        8d15      14%         9
 Lehudib's Crystal Spear  Conj/Erth      36%        10d9      28%         8
 Chain Lightning          Conj/Air       45%        3d60      34%         9
 Foxfire                  Conj/Fire      100%       2x1d9     1%          1
 Kiss of Death            Conj/Necr      100%       2d13      1%          1
 Magic Dart               Conj           100%       1d8       1%          1
 Cigotuvi's Dreadful Rot  Necr/Pois/Air  100%       N/A       1%          2
 Searing Ray              Conj           100%       2d8       1%          2
 Static Discharge         Conj/Air       100%       2-7/arc   1%          2
 Dazzling Flash           Conj/Hex       100%       N/A       1%          3
 Hailstorm                Conj/Ice       73%        3d15      1%          3
 Inner Flame              Hex/Fire       90%        N/A       1%          3
 Volatile Blastmotes      Fire/Tloc      100%       2d18      1%          3
 Airstrike                Air            40%        2d(6-22)  1%          4
 Flame Wave               Conj/Fire      100%       2d21      1%          4
 Fulminant Prism          Conj/Hex       36%        3d17      1%          4
 Sticky Flame             Conj/Fire      100%       2d11      1%          4
 Necrotise                Necr           100%       1d9       2%          1
 Portal Projectile        Hex/Tloc       84%        N/A       2%          3
 Summon Lightning Spire   Summ/Air       60%        N/A       2%          4
 Ensorcelled Hibernation  Hex/Ice        52%        N/A       3%          2
 Call Canine Familiar     Summ           26%        N/A       6%          3
 Ozocubu's Armour         Ice            26%        N/A       6%          3
 Vampiric Draining        Necr           26%        2d7       6%          3
 Ice Form                 Ice/Tmut       30%        N/A       12%         4
 Anguish                  Hex/Necr       13%        N/A       14%         4
 Dispel Undead            Necr           26%        3d13      14%         4
 Leda's Liquefaction      Hex/Erth       13%        N/A       14%         4
 Death Channel            Necr           13%        N/A       80%         6
 Ozocubu's Refrigeration  Ice            13%        4d10      80%         7


Dungeon Overview and Level Annotations

Branches:
Dungeon (15/15)            Temple (1/1) D:7            Lair (3/5) D:8
 Shoals (4/4) Lair:3       Spider (4/4) Lair:3          Orc (2/2) D:9
    Elf (3/3) Orc:2        Vaults (0/5) D:13         Depths (0/4) D:15
  Sewer (visited)           IceCv (visited)

Altars:
Ashenzari
Dithmenos
Elyvilon
Fedhas
Hepliaklqana
Kikubaaqudgha
Uskayaw
Vehumet
The Shining One

Shops:
D:9 *   D:11 *   D:13 *   Orc:2 =(*=   Elf:1 ::=   Shoals:1 !   Shoals:3 =

Annotations:
D:6 1 runed translucent door, Crazy Yiuf
D:8 2 transporters, Darkkill's ghost, novice MiHu
Spider:2 1 runed translucent door, math4jedi's ghost, adept MiBe
Spider:3 2 transporters, Jase's ghost, adept HOFi


Innate Abilities, Weirdness & Mutations

You can breathe blasts of scalding, opaque steam.
Your pale cyan-grey scales are hard. (AC +10)
You cannot fit into any form of body armour.
You are cold-blooded and may be slowed by cold attacks.
You are immune to the effects of steam.


Message History

Magical energy flows into your mind!
You hear a shout! x2
The +1 scimitar of holy wrath hits you!
A deep elf pyromancer comes into view. It is wielding a +0 dagger.
The +1 scimitar of holy wrath closely misses you.
The deep elf death mage draws life force from you!!
The deep elf death mage is healed by the life force!
Casting: Plasma Beam (mildly dangerous; 1% risk of failure)
Confirm with . or Enter, or press ? or * to list all spells.
You erupt in a blast of force!
The mystic blast hits the deep elf knight!
The deep elf knight is lightly wounded.
The deep elf knight is knocked back by the mystic blast.
The deep elf knight slams into the rock wall!
The deep elf knight is heavily wounded.
The mystic blast hits the deep elf death mage!
The deep elf death mage is severely wounded.
The deep elf death mage is knocked back by the mystic blast.
The mystic blast hits the +1 scimitar of holy wrath.
The +1 scimitar of holy wrath is lightly damaged.
The +1 scimitar of holy wrath is knocked back by the mystic blast.
The +1 scimitar of holy wrath slams into the rock wall!
The +1 scimitar of holy wrath is moderately damaged.
The deep elf pyromancer mumbles some strange words.
The deep elf pyromancer blinks!
A deep elf archer comes into view. It is wielding a +0 dagger.
The +1 scimitar of holy wrath hits you.
A deep elf zephyrmancer comes into view.
It is wielding a +0 rapier.
The deep elf high priest shouts!
The deep elf zephyrmancer shouts!
The deep elf high priest invokes the aid of its god against you.
Something smites you!
* * * LOW HITPOINT WARNING * * *
The +1 scimitar of holy wrath hits you.
* * * LOW HITPOINT WARNING * * *
The deep elf knight closely misses you.
There is a stone staircase leading up here.
The +2 halberd of venom hits you from afar!!
* * * LOW HITPOINT WARNING * * *
The +1 scimitar of holy wrath hits you!!
You die...

......##.#### .. ..##
............. ... ..e§
...........# #.. ...#
##.........# #.# ..#
###........# #.# ..#.
###.)..e...###e# #(..#
)......(e.ee#.# ##.#..
#e#......ee..####(#.#
.##.......(e^.##@#.# #
#........##e(e#.###
#.#.......###e<..e.#
..#.####..#.#e./..!?..#
..## #.#.##)#.........#
. ..##.#..###....#.##
.. #..# # ##.#.## ..#.
#.## .. #.


You could see a deep elf death mage, a deep elf archer (repels missiles), a deep
elf knight, a deep elf high priest, 2 deep elf zephyrmancers and 3 dancing
weapons.

Vanquished Creatures
  Saint Roka (Elf:2)
  A kraken (Shoals:4)
  A fire giant (D:15)
  2 frost giants (IceCv)
  A deep elf sorcerer (Elf:3)
  7 emperor scorpions
  5 ghost moths
  A white draconian (IceCv)
  A spark wasp (Spider:2)
  Snorg (D:12)
  Josephine (Lair:3)
  A deep elf death mage (Elf:1)
  8 merfolk javelineers
  10 merfolk impalers
  5 entropy weavers
  Fannar (Orc:1)
  4 vault guards (D:13)
  4 jorogumos
  4 hydras
  A catoblepas (Lair:3)
  2 merfolk avatars
  2 peacekeepers (Elf:2)
  Erica (Lair:1)
  11 two-headed ogres
  4 radroaches
  3 ironbound frosthearts (IceCv)
  2 ogre magi (Orc:2)
  An anaconda (Lair:3)
  2 satyrs
  4 merfolk aquamancers
  5 centaur warriors
  A tengu warrior (D:14)
  An alligator snapping turtle (Shoals:2)
  3 boulder beetles
  2 orc high priests
  11 dancing weapons
  2 death yaks (Lair:3)
  3 deep elf knights (Elf:2)
  A fire crab (Shoals:1)
  12 skeletal warriors
  3 skysharks
  A sun moth (Spider:2)
  7 pharaoh ants
  9 sea snakes
  Amaemon (Lair:2)
  12 deep elf archers
  2 deep trolls (Orc:2)
  An orange crystal statue (IceCv)
  2 large abominations (Elf:1)
  24 deep elf pyromancers
  7 steelbarb worms
  12 orb spiders
  3 necromancers (Elf:1)
  A wizard (D:15)
  21 deep elf zephyrmancers
  22 ugly things
  31 harpies
  14 cyclopes
  15 fauns
  16 wolf spiders
  15 manticores
  6 elephants (Lair:3)
  10 merfolk sirens
  A salamander (shapeshifter) (Elf:1)
  An elephant (shapeshifter) (D:15)
  4 moths of wrath
  A black mamba (Lair:3)
  6 torpor snails
  5 demonic crawlers
  11 water nymphs
  An ice statue (Lair:3)
  Maggie (Lair:2)
  6 cane toads
  An orange demon (Lair:2)
  20 rime drakes
  8 komodo dragons
  2 ice devils (Lair:3)
  4 tengu conjurers
  A yaktaur (D:15)
  An efreet (D:14)
  40 merfolk
  12 trolls
  5 hornets (Spider:4)
  A meliai (shapeshifter) (D:15)
  3 wind drakes
  17 polar bears
  A polar bear (shapeshifter) (Elf:2)
  24 tarantellas
  8 blink frogs
  10 snapping turtles
  8 dream sheep
  21 jumping spiders
  4 air elementals
  14 culicivoras
  9 slime creatures (D:13)
  Sigmund (D:2)
  5 wraiths (Lair:3)
  2 vampires
  42 yaks
  2 wyverns
  3 fire bats (Shoals:1)
  14 water elementals
  4 basilisks
  3 vampire mosquitoes (D:11)
  5 fire elementals
  5 humans (D:10)
  2 steam dragons
  9 wargs
  46 redbacks
  Menkaure (D:5)
  2 floating eyes (Elf:1)
  6 water moccasins
  3 black bears
  An ice beast (D:7)
  24 orc warriors
  18 ogres
  20 centaurs
  9 wolves
  A phantom (D:5)
  7 kobold brigands
  9 bullfrogs
  3 earth elementals
  An elf zombie (Elf:1)
  A gnoll sergeant (D:12)
  2 scorpions (D:5)
  An entropy weaver simulacrum (Lair:3)
  A cane toad simulacrum (Lair:3)
  3 wights (D:10)
  15 killer bees
  4 howler monkeys
  4 electric eels
  3 hounds
  A jelly (D:4)
  A gnoll bouda (D:5)
  18 orc priests
  2 iguanas
  Terence (D:2)
  21 orc wizards
  3 hell rats (Lair:1)
  A spriggan simulacrum (Lair:3)
  A troll simulacrum (Lair:3)
  2 polar bear simulacra (Lair:3)
  A wolf simulacrum (Lair:3)
  A naga simulacrum (Lair:3)
  11 adders
  14 gnolls
  10 river rats
  3 white imps (Lair:3)
  2 ufetubi
  7 worms
  A dart slug (D:1)
  53 orcs
  11 ball pythons
  6 bats
  11 endoplasms
  9 giant cockroaches
  9 goblins
  7 hobgoblins
  3 jackals (D:1)
  35 kobolds
  6 quokkas
  4 frilled lizards
  15 rats
  A plant (Shoals:1)
1172 creatures vanquished.

Vanquished Creatures (others)
  A dancing weapon (Elf:3)
  A deep elf zephyrmancer (Elf:1)
  A water elemental (Elf:1)
  A floating eye (Elf:1)
  19 fungi
  76 plants
99 creatures vanquished.

Grand Total: 1271 creatures vanquished

Notes
Turn   | Place    | Note
-------+----------+-------------------------------------------
     0 | D:1      | benadryl the Draconian Conjurer began the quest for the
                  | Orb.
     0 | D:1      | Reached XP level 1. HP: 14/14 MP: 3/3
   274 | D:1      | Reached XP level 2. HP: 20/20 MP: 2/5
   724 | D:1      | Found a faded altar of an unknown god.
  1216 | D:1      | Reached XP level 3. HP: 23/26 MP: 1/7
  1219 | D:1      | Learned a level 2 spell: Searing Ray
  1288 | D:2      | Noticed Sigmund
  1773 | D:2      | Killed Sigmund
  1774 | D:2      | Reached skill level 6 in Conjurations
  1774 | D:2      | Reached XP level 4. HP: 24/33 MP: 2/9
  1774 | D:2      | Reached XP level 5. HP: 28/38 MP: 2/10
  2864 | D:2      | Noticed Terence
  2878 | D:2      | Reached XP level 6. HP: 45/45 MP: 8/11
  2882 | D:2      | Killed Terence
  4332 | D:4      | Reached skill level 7 in Conjurations
  4861 | D:5      | Entered Level 5 of the Dungeon
  4906 | D:5      | Noticed a yak
  4907 | D:5      | Noticed a yak
  4928 | D:4      | Killed a yak
  4929 | D:4      | Reached skill level 8 in Conjurations
  4929 | D:4      | Your scales start taking on a pale cyan-grey colour.
  4929 | D:4      | Reached XP level 7. HP: 9/50 MP: 3/12
  4929 | D:4      | Gained mutation: You are immune to the effects of steam.
                  | [Pale Draconian growth]
  5193 | D:4      | Killed a yak
  5263 | D:5      | Noticed a yak
  5268 | D:5      | Killed a yak
  5269 | D:5      | Reached skill level 9 in Conjurations
  5269 | D:5      | Reached skill level 1 in Transmutations
  5326 | D:5      | Reached skill level 1 in Translocations
  5596 | D:5      | Found a hazy altar of Hepliaklqana.
  5606 | D:5      | Reached XP level 8. HP: 54/57 MP: 8/13
  5642 | D:5      | Found an ancient bone altar of Kikubaaqudgha.
  5879 | D:5      | Noticed Menkaure
  5895 | D:5      | Killed Menkaure
  5896 | D:5      | Reached skill level 5 in Translocations
  6588 | D:6      | Found a glowing drain.
  6597 | Sewer    | Entered a sewer
  7180 | Sewer    | Reached skill level 10 in Conjurations
  7348 | Sewer    | Learned a level 4 spell: Iskenderun's Mystic Blast
  7851 | D:6      | Found a runed translucent door.
  7852 | D:6      | Noticed Crazy Yiuf
  7912 | D:6      | Reached XP level 9. HP: 62/62 MP: 15/15
  8314 | D:7      | Reached skill level 5 in Spellcasting
  8549 | D:7      | Found a staircase to the Ecumenical Temple.
  8604 | Temple   | Entered the Ecumenical Temple
  8611 | Temple   | Became a worshipper of Vehumet
  9215 | D:8      | Found a transporter.
  9224 | D:8      | Noticed a two-headed ogre
  9234 | D:8      | Killed a two-headed ogre
  9272 | D:8      | Found a transporter.
  9277 | D:8      | Noticed Darkkill's ghost (novice MiHu)
  9505 | D:8      | Found a staircase to the Lair.
  9506 | D:8      | Noticed a komodo dragon
  9524 | D:8      | Killed a komodo dragon
  9525 | D:8      | Reached XP level 10. HP: 69/69 MP: 13/22
  9784 | D:8      | Reached * piety under Vehumet
  9784 | D:8      | Offered knowledge of Freeze by Vehumet.
  9915 | D:9      | Reached skill level 1 in Fighting
 10023 | D:9      | Found Ahonaxt's General Store.
 10121 | D:9      | Found a staircase to the Orcish Mines.
 10279 | D:9      | Reached skill level 5 in Fighting
 10412 | D:9      | Reached skill level 11 in Conjurations
 10858 | Lair:1   | Entered Level 1 of the Lair of Beasts
 11076 | Lair:1   | Noticed a cane toad
 11086 | Lair:1   | Killed a cane toad
 11473 | Lair:1   | Reached skill level 12 in Conjurations
 11597 | Lair:1   | Reached ** piety under Vehumet
 11648 | Lair:1   | Noticed a cane toad
 11655 | Lair:1   | Killed a cane toad
 11656 | Lair:1   | Reached XP level 11. HP: 86/86 MP: 17/24
 11685 | Lair:1   | Identified the +0 pair of gloves of Lugonu, Bursting {rPois
                  | Str+2 Stlth-}
 11685 | Lair:1   | Noticed an eight-headed hydra
 11733 | Lair:1   | Offered knowledge of Poisonous Vapours by Vehumet.
 11734 | Lair:1   | Reached skill level 13 in Conjurations
 11767 | Lair:1   | Killed an eight-headed hydra
 12771 | Lair:1   | Identified 2 scrolls of acquirement
 12771 | Lair:1   | Acquired the staff of conjuration "Cemonge" {rN+ Str+3}
 12774 | Lair:1   | Acquired the ring "Ydwyphiq" {Wiz Drain Will+ Int+2 Dex+2}
 12836 | Lair:2   | Noticed Maggie
 12836 | Lair:2   | Noticed Erica
 12842 | Lair:1   | Killed Erica
 12843 | Lair:1   | Reached skill level 14 in Conjurations
 13099 | Lair:2   | Killed Maggie
 13249 | Lair:2   | Offered knowledge of Stone Arrow by Vehumet.
 13296 | Lair:2   | Learned a level 3 spell: Stone Arrow
 13577 | Lair:2   | Noticed Amaemon
 13590 | Lair:2   | Killed Amaemon
 13591 | Lair:2   | Reached skill level 15 in Conjurations
 13591 | Lair:2   | Reached skill level 1 in Fire Magic
 14203 | Lair:2   | Reached *** piety under Vehumet
 14568 | Lair:3   | Reached skill level 5 in Fire Magic
 14590 | Lair:3   | Reached XP level 12. HP: 63/94 MP: 8/25
 14607 | Lair:3   | Offered knowledge of Ignite Poison by Vehumet.
 14612 | Lair:3   | Learned a level 3 spell: Ignite Poison
 15755 | Lair:3   | Learned a level 6 spell: Starburst
 15911 | Lair:3   | Found a staircase to the Shoals.
 15914 | Lair:3   | Noticed Josephine
 16231 | Lair:3   | Identified the +4 short sword of Icvuz {venom, Contam Fly
                  | Str+4 SInv}
 16306 | Lair:3   | Noticed a death yak
 16312 | Lair:3   | Killed a death yak
 16326 | Lair:3   | Reached skill level 16 in Conjurations
 16962 | Lair:3   | Killed Josephine
 17063 | Lair:3   | Noticed an anaconda
 17069 | Lair:3   | Killed an anaconda
 17143 | Lair:3   | Noticed a catoblepas
 17162 | Lair:3   | Killed a catoblepas
 17559 | Lair:3   | Reached **** piety under Vehumet
 17560 | Lair:3   | Reached skill level 17 in Conjurations
 17814 | Lair:3   | Reached XP level 13. HP: 74/100 MP: 17/26
 18077 | Lair:3   | Found a hole to the Spider Nest.
 18089 | Lair:3   | Upgraded the game from 0.30-a0-1164-ge08a67761e to
                  | 0.31-a0-1-g4198be8af4
 18245 | D:10     | Entered Level 10 of the Dungeon
 18247 | D:10     | Offered knowledge of Lee's Rapid Deconstruction by Vehumet.
 19059 | D:11     | Found Cilaec's Overcharged Wands.
 19228 | D:11     | Identified the +0 scale mail of Joukion {rC- Str+5 Dex+5}
 19888 | D:12     | Reached ***** piety under Vehumet
 19888 | D:12     | Offered knowledge of Plasma Beam by Vehumet.
 19898 | D:12     | Learned a level 6 spell: Plasma Beam
 19943 | D:12     | Reached skill level 1 in Air Magic
 20359 | D:12     | Reached skill level 5 in Air Magic
 21470 | D:13     | Found a gate to the Vaults.
 21472 | D:13     | Noticed Snorg
 21924 | D:13     | Reached skill level 10 in Fire Magic
 22298 | D:12     | Killed Snorg
 22354 | D:13     | Reached XP level 14. HP: 96/115 MP: 14/27
 22846 | D:13     | Found Seggaask's Neck Hole.
 24548 | D:15     | Entered Level 15 of the Dungeon
 25053 | D:15     | Offered knowledge of Freezing Cloud by Vehumet.
 25061 | D:15     | Learned a level 5 spell: Freezing Cloud
 25172 | D:15     | Found a staircase to the Depths.
 25172 | D:15     | Noticed a fire giant
 25187 | D:15     | Reached skill level 15 in Fire Magic
 25515 | D:15     | Killed a fire giant
 25977 | Orc:1    | Entered Level 1 of the Orcish Mines
 25992 | Orc:1    | Noticed Fannar
 26003 | Orc:1    | Killed Fannar
 26876 | Orc:2    | Entered Level 2 of the Orcish Mines
 26974 | Orc:2    | Found a staircase to the Elven Halls.
 27197 | Orc:2    | Reached skill level 10 in Fighting
 27505 | Orc:2    | Reached XP level 15. HP: 109/126 MP: 5/28
 27561 | Orc:2    | Reached skill level 10 in Spellcasting
 27570 | Orc:2    | Offered knowledge of Irradiate by Vehumet.
 27851 | Orc:2    | Found Extuo's Assorted Antiques.
 27855 | Orc:2    | Found Sumuv's Jewellery Boutique.
 27859 | Orc:2    | Found Puki's Jewellery Emporium.
 27868 | Orc:2    | Found Efigiela's Antique Weapon Shop.
 27874 | Orc:2    | Bought the ring of Ydefi {Contam Will++ Str+2 Int+6} for
                  | 611 gold pieces
 28175 | Spider:1 | Entered Level 1 of the Spider Nest
 28738 | Spider:1 | Acquired 979 gold pieces
 30659 | Spider:2 | Found a runed translucent door.
 30661 | Spider:2 | Noticed math4jedi's ghost (adept MiBe)
 30940 | Spider:3 | Reached skill level 1 in Evocations
 30947 | Spider:3 | Noticed an emperor scorpion
 31148 | Spider:3 | Found a frozen archway.
 31157 | IceCv    | Entered an ice cave
 31350 | IceCv    | Offered knowledge of Ozocubu's Refrigeration by Vehumet.
 31353 | IceCv    | Reached XP level 16. HP: 113/134 MP: 25/32
 31363 | IceCv    | Reached skill level 5 in Evocations
 31828 | IceCv    | Found the +4 skin of Zhor {*Englaciate rC+++ SInv}
 31843 | IceCv    | Got the Exposition on the Wendigo
 32044 | Spider:3 | Reached ****** piety under Vehumet
 32045 | Spider:3 | Reached skill level 10 in Evocations
 32151 | Spider:3 | Noticed Jase's ghost (adept HOFi)
 32352 | Spider:3 | Found a transporter.
 32361 | Spider:3 | Found a transporter.
 33372 | Spider:3 | Offered knowledge of Fireball by Vehumet.
 33394 | Spider:4 | Entered Level 4 of the Spider Nest
 33807 | Spider:4 | Learned a level 5 spell: Fireball
 34725 | Spider:4 | Reached XP level 17. HP: 139/140 MP: 23/33
 35024 | Spider:4 | Reached skill level 10 in Air Magic
 35222 | Spider:4 | Got a gossamer rune of Zot
 35360 | Shoals:1 | Entered Level 1 of the Shoals
 35367 | Shoals:1 | Found Megarac's Distillery.
 35375 | Shoals:1 | Bought a potion of heal wounds for 85 gold pieces
 35549 | Shoals:1 | Identified the ring "Faholuw" {rPois rN+ Str+3 Int+5}
 36101 | Shoals:1 | Offered knowledge of Eringya's Noxious Bog by Vehumet.
 36890 | Shoals:2 | Identified the +0 robe "Xupapn" {rPois Str+3}
 37880 | Shoals:3 | Offered knowledge of Maxwell's Capacitive Coupling by
                  | Vehumet.
 38501 | Shoals:3 | Found Husud's Jewellery Shop.
 38827 | Shoals:4 | Entered Level 4 of the Shoals
 38835 | Shoals:4 | Reached skill level 15 in Spellcasting
 39585 | Shoals:4 | HP: 3/140 [barbs]
 39950 | Shoals:4 | Reached XP level 18. HP: 90/147 MP: 27/37
 41936 | Shoals:4 | Got a barnacled rune of Zot
 42209 | Elf:1    | Entered Level 1 of the Elven Halls
 42986 | Elf:1    | Paralysed by an air elemental for 1 turns
 43020 | Elf:1    | Offered knowledge of Lehudib's Crystal Spear by Vehumet.
 43020 | Elf:1    | Offered knowledge of Fire Storm by Vehumet.
 43020 | Elf:1    | Offered knowledge of Chain Lightning by Vehumet.
 43392 | Elf:1    | Found Pariteaq's Jewellery Shop.
 43392 | Elf:1    | Found Niywuc's Book Shoppe.
 43393 | Elf:1    | Found Ytugeeh's Book Shoppe.
 43777 | Elf:1    | Reached skill level 18 in Conjurations
 44142 | Elf:1    | Got the Exposition on Misery
 44238 | Elf:2    | Noticed Saint Roka
 44252 | Elf:2    | Killed Saint Roka
 44763 | Elf:2    | Paralysed by an air elemental for 1 turns
 44780 | Elf:2    | Paralysed by an air elemental for 1 turns
 44786 | Elf:2    | Paralysed by an air elemental for 1 turns
 44795 | Elf:1    | Paralysed by an air elemental for 1 turns
 45244 | Elf:2    | Reached skill level 19 in Conjurations
 45314 | Elf:2    | Paralysed by an air elemental for 1 turns
 45540 | Elf:2    | Reached XP level 19. HP: 138/158 MP: 22/39
 45807 | Elf:3    | Entered Level 3 of the Elven Halls
 46083 | Elf:3    | Slain by a +1 scimitar of holy wrath

Illustrated notes

Levels and vault maps discovered:
D:1:      dpeg_arrival_castle, layout_loops_ring,
          ebering_ecumenical_altar_sacrificial, grunt_decor_cap
D:2:      layout_rooms, uniq_sigmund, uniq_terence
D:3:      layout_loops_cross, minmay_fractal_squares_diagonal_5
D:4:      layout_rooms
D:5:      layout_rooms, grunt_temple_overflow_open, uniq_menkaure
D:6:      layout_rooms, gup_sewer_entry_bubbles, uniq_crazy_yiuf_cottage
D:7:      layout_loops_ring, minmay_temple_entry_tees
D:8:      layout_basic, david_lair_shrubbed, gammafunk_ghost_stat_death
D:9:      layout_irregular_city, minmay_orc_entry_guard_dogs, serial_shops,
          nicolae_shop_peninsula
D:10:     layout_basic, minmay_ruffians
D:11:     layout_cave_pools, nicolae_shop_overcharged_wands
D:12:     minmay_goldmine, layout_loops_ring, grunt_decor_clamped
D:13:     layout_basic, lightli_vaults_fourway_checkpoint,
          nicolae_shop_sticking_my_neck_out, uniq_snorg
D:14:     layout_cave_pods, roderic_filled_cross
D:15:     grunt_enter_depths_giant_problem, layout_rooms
Temple:   nicolae_temple_bog_church
Lair:1:   layout_chaotic_city, kennysheep_abandoned_house
Lair:2:   layout_long_grid, small_statue_intersection, lemuel_fruit_fields,
          uniq_maggie, uniq_erica, uniq_amaemon
Lair:3:   dreamdust_isle_of_ice, layout_small_grid, minmay_shoals_entry_beasts,
          spider_nest_entry_funnel_web, st_stairs_7,
          chequers_serial_rivers_large_b, nzn_random_ring, uniq_josephine
Shoals:1: layout_shoals, serial_shops, shop, hangedman_shoal_volcano
Shoals:2: layout_shoals
Shoals:3: layout_shoals, serial_shops, shop
Shoals:4: shoals_end_hangedman, layout_shoals
Spider:1: layout_spider_delve, guppyfry_spider_mini_2
Spider:2: layout_spider_delve, ebering_ghost_reflecting_pool,
          nicolae_spider_cling_ruins
Spider:3: nicolae_spider_hilbert_zone_1 [nicolae_spider_hilbert_4_sides_1_open,
          nicolae_spider_hilbert_4_sides_1_open,
          nicolae_spider_hilbert_4_sides_1_open,
          nicolae_spider_hilbert_4_sides_1_open,
          nicolae_spider_hilbert_3_sides_1_open,
          nicolae_spider_hilbert_3_sides_1_open,
          nicolae_spider_hilbert_3_sides_1_open,
          nicolae_spider_hilbert_3_sides_1_open,
          nicolae_spider_hilbert_3_sides_1_open,
          nicolae_spider_hilbert_6_sides_1_open,
          nicolae_spider_hilbert_6_sides_1_open,
          nicolae_spider_hilbert_3_sides_1_open,
          nicolae_spider_hilbert_3_sides_1_open,
          nicolae_spider_hilbert_3_sides_1_open,
          nicolae_spider_hilbert_3_sides_1_open,
          nicolae_spider_hilbert_2_sides_1_open],
          portal_ice_cave_entry_pillars_2, gammafunk_ghost_arena,
          spiders_nest_hornet_nest
Spider:4: spider_rune_water
Orc:1:    layout_diamond_mine, nicolae_orc_rockfall, nooodl_orcs_dogs,
          uniq_fannar
Orc:2:    st_orc_open, layout_diamond_mine, bh_open_orc_temple
Elf:1:    elf_arrival_002, layout_geoelf_diagonals, minmay_elf_necromancy,
          onia_ninara_cookie, minmay_shop_grove
Elf:2:    elven_hall_of_blades_hangedman_alternative
          [nicolae_blade_entry_pointy_end], layout_onion_city,
          portal_desolation_entry_twin_temple, uniq_saint_roka
Elf:3:    minmay_elf_hall_x, layout_rooms, hangedman_elven_ridges

Skill      XL: |  1  2  3  4  5  6  7  8  9 10 11 12 13 14 15 16 17 18 |
---------------+-------------------------------------------------------+-----
Spellcasting   | 3 4 8 9 12 15 16 | 16.6
Conjurations   | 6 8 9 10 12 15 17 19 | 19.3
Transmutations | 1 |  1.2
Translocations | 3 5 |  5.0
Fighting       | 5 8 10 11 | 11.5
Fire Magic     | 6 9 11 15 16 18 | 18.0
Air Magic      | 7 9 12 | 12.0
Evocations     | 4 10 | 10.0
Dodging        | |  1.7
Stealth        | |  1.7

Action                     |  1- 3 |  4- 6 |  7- 9 | 10-12 | 13-15 | 16-18 | 19-21 || total
---------------------------+-------+-------+-------+-------+-------+-------+-------++-------
  Melee: Short sword       |    10 |   133 |    66 |    41 |       |       |       ||   250
         Unarmed           |     6 |       |       |       |       |       |       ||     6
         Dagger            |     3 |       |       |       |       |       |       ||     3
         Tailslap          |       |     6 |     4 |    16 |     4 |     6 |       ||    36
         Punch             |       |     2 |       |       |       |       |       ||     2
         Staff             |       |       |       |    15 |    19 |    31 |       ||    65
         Whip              |       |       |       |    25 |    10 |     3 |       ||    38
  Throw: Dart              |       |       |    10 |     8 |       |       |       ||    18
   Cast: Magic Dart        |    63 |    24 |     7 |     2 |       |       |       ||    96
         Searing Ray       |     3 |    14 |    57 |    38 |     1 |       |       ||   113
         Iskenderun's Myst |       |       |    28 |   114 |   147 |   105 |    11 ||   405
         Stone Arrow       |       |       |       |    81 |   302 |    24 |       ||   407
         Starburst         |       |       |       |    10 |     9 |     7 |       ||    26
         Ignite Poison     |       |       |       |     4 |     1 |       |       ||     5
         Plasma Beam       |       |       |       |       |   143 |   532 |    16 ||   691
         Freezing Cloud    |       |       |       |       |    20 |     9 |       ||    29
         Fireball          |       |       |       |       |       |    18 |       ||    18
Ability: Breathe Steam     |       |       |     7 |    20 |       |     1 |       ||    28
  Evoke: Wand              |       |       |     1 |       |       |       |       ||     1
    Use: Potion            |     1 |       |     1 |     1 |     1 |     6 |     1 ||    11
         Scroll            |       |    12 |     2 |     8 |    17 |     2 |       ||    41
   Stab: Sleeping          |       |     1 |     1 |       |       |       |       ||     2
         Distracted        |       |       |       |       |       |     1 |       ||     1
 Armour: Skin              |    16 |    66 |    48 |    86 |   109 |   187 |     5 ||   517
  Dodge: Dodged            |    24 |   141 |   128 |   136 |   149 |   188 |     8 ||   774

Table legend: (Time is in decaauts)
 A = Elapsed time spent in this place.
 B = Non-inter-level travel time spent in this place.
 C = Inter-level travel time spent in this place.
 D = Time resting spent in this place.
 E = Time spent auto-exploring this place.
 F = Levels seen in this place.
 G = Mean time per level.
                   A        B        C        D        E       F      G
               +--------+--------+--------+--------+--------+-----+--------+
         Total |  46785 |  42288 |   4497 |  21366 |  11447 |  34 | 1376.0 |
       Dungeon |  18078 |  17179 |    899 |   5858 |   8710 |  15 | 1205.2 |
        Temple |     14 |      1 |     13 |      0 |      0 |   1 |   14.0 |
          Lair |   7532 |   6947 |    585 |   4076 |   1749 |   3 | 2510.7 |
        Shoals |   7005 |   5797 |   1208 |   4204 |      0 |   4 | 1751.2 |
   Spider Nest |   6317 |   5288 |   1029 |   3273 |    336 |   4 | 1579.2 |
  Orcish Mines |   2806 |   2416 |    390 |   1383 |    481 |   2 | 1403.0 |
   Elven Halls |   3147 |   2778 |    369 |   1740 |     98 |   3 | 1049.0 |
         Sewer |   1172 |   1172 |      0 |    499 |     72 |   1 | 1172.0 |
      Ice Cave |    711 |    711 |      0 |    332 |      0 |   1 |  711.0 |
               +--------+--------+--------+--------+--------+-----+--------+

Top non-repeatable levels by time:
  Lair:3: 3525 daAuts
Shoals:3: 2957 daAuts
     D:1: 2382 daAuts
    D:12: 2352 daAuts
  Lair:1: 2130 daAuts
   Elf:1: 1920 daAuts
Spider:4: 1917 daAuts
  Lair:2: 1876 daAuts
Spider:1: 1702 daAuts
Spider:3: 1665 daAuts
   Orc:2: 1599 daAuts
    D:13: 1594 daAuts
Shoals:2: 1482 daAuts
    D:14: 1462 daAuts
Shoals:1: 1331 daAuts
